 Dungeon Crawl Stone Soup version 0.30.0-3-ga4e48a9924 (webtiles) character file.

Game seed: 9279247770784202497

917 jtron the Trooper (level 7, -2/55 HPs)
             Began as a Demonspawn Chaos Knight on May 7, 2023.
             Was a Plaything of Xom.
             Slain by a gnoll
             ... wielding a +0 whip
             ... led by a gnoll bouda
              (7 damage)
             ... on level 5 of the Dungeon.
             The game lasted 00:08:18 (3908 turns).

jtron the Trooper (Demonspawn Chaos Knight)         Turns: 3908, Time: 00:08:19

Health: -2/55      AC:  8    Str: 13      XL:     7   Next: 83%
Magic:  7/7        EV: 11    Int: 13      God:    Xom [....*.]
Gold:   351        SH:  0    Dex: 19 (20) Spells: 6/6 levels left

rFire   . . .        a - +4 quarterstaff (chaos)
rCold   + . .        (shield currently unavailable)
rNeg    + . .        r - +0 ring mail {rPois}
rPois   +            (no helmet)
rElec   .            x - +1 cloak of Soft Rains {rC+ rN+ Will-}
rCorr   .            (gloves unavailable)
SInv    .            (no boots)
Will    .....        (no amulet)
Stlth   +            d - ring of poison resistance
HPRegen 0.29/turn    e - +6 ring of dexterity
MPRegen 0.10/turn

%: no passive effects
@: brilliant, weakened
A: hooves 1, demonic touch 3
a: Renounce Religion


You were on level 5 of the Dungeon.
You worshipped Xom.
You were a beloved toy of Xom.
You visited 1 branch of the dungeon, and saw 5 of its levels.

You collected 351 gold pieces.

Inventory:

Hand Weapons
 a - a +4 quarterstaff of chaos (weapon)
 b - a +0 sling
 y - a +0 falchion of chaos
Missiles
 h - 9 poisoned darts (quivered)
 m - 31 stones
 E - a throwing net
Armour
 r - a +0 ring mail of poison resistance (worn)
 x - the +1 cloak of Soft Rains (worn) {rC+ rN+ Will-}
   (You found it on level 3 of the Dungeon)

   rC:        It protects you from cold.
   rN:        It protects you from negative energy.
   Will:      It decreases your willpower.
Jewellery
 d - a ring of poison resistance (left hand)
 e - a +6 ring of dexterity (right hand)
 u - a ring of poison resistance
 A - a ring of ice
Wands
 C - a wand of paralysis (6)
Scrolls
 k - a scroll of teleportation
 s - a scroll of fear
 v - a scroll of noise {unknown}
 w - a scroll of blinking
 B - a scroll of fog {unknown}
 F - a scroll of enchant weapon {unknown}
Potions
 f - a potion of flight {unknown}
 g - a potion of berserk rage {unknown}
 i - a potion of haste {unknown}
 j - a potion of ambrosia {unknown}
 l - 2 potions of curing
 n - a potion of resistance {unknown}
 o - a potion of heal wounds
 p - a potion of degeneration {unknown}
 q - 3 potions of attraction
 t - a potion of mutation {unknown}
 D - a potion of might {unknown}
Miscellaneous
 c - a piece from Xom's chessboard (15/15)


   Skills:
 + Level 4.4 Fighting
 - Level 3.9 Long Blades
 * Level 2.9 Staves
 + Level 3.8 Ranged Weapons
 + Level 0.1 Throwing
 + Level 4.1 Armour
 + Level 2.6 Dodging
 + Level 0.2 Stealth


You had 6 spell levels left.
You didn't know any spells.
Your spell library contained the following spells:

 Spells                   Type           Power      Damage    Failure   Level
 Beastly Appendage        Tmut           0%         N/A       54%         1
 Slow                     Hex            0%         N/A       54%         1
 Summon Small Mammal      Summ           0%         N/A       54%         1
 Call Canine Familiar     Summ           0%         N/A       88%         3
 Confusing Touch          Hex            0%         N/A       88%         3
 Spider Form              Tmut/Pois      0%         N/A       88%         3
 Summon Guardian Golem    Hex/Summ       0%         N/A       88%         3
 Vampiric Draining        Necr           0%         2d6       88%         3
 Ice Form                 Ice/Tmut       0%         N/A       99%         4
 Statue Form              Tmut/Erth      0%         N/A       100%        6


Dungeon Overview and Level Annotations

Branches:
Dungeon (5/15)
 Temple: D:4-7

Altars:
Ashenzari
Uskayaw
Xom


Innate Abilities, Weirdness & Mutations

You have large cloven feet.
Your touch may irresistibly damage your foes and sap their willpower.


Message History

The gnoll closely misses you. The gnoll barely misses you.
The gnoll attacks as you move away! The gnoll closely misses you.
The gnoll attacks as you move away! The gnoll hits you but does no damage.
The gnoll attacks as you move away! The gnoll closely misses you.
The gnoll attacks as you move away! The gnoll hits you with a +0 flail.
A black bear comes into view.
The black bear growls angrily.
The gnoll hits you but does no damage. The gnoll attacks as you move away!
The gnoll closely misses you. The gnoll hits you with a +0 flail.
It was a potion of magic.
Magic courses through your body.
Xom thinks this is hilarious!
The gnoll barely misses you. The gnoll hits you with a +0 flail!
The gnoll attacks as you move away! The gnoll hits you but does no damage.
The gnoll attacks as you move away! The gnoll barely misses you.
The gnoll throws a throwing net.
The throwing net hits you.
You become entangled in the net!
You see here a throwing net.
You struggle against the net.
The gnoll hits you with a +0 flail.
You struggle against the net.
The gnoll closely misses you. The gnoll hits you with a +0 flail!
The gnoll hits you with a +0 whip.
You struggle against the net.
The gnoll hits you from afar with a +0 spear.
The gnoll hits you with a +0 flail.
* * * LOW HITPOINT WARNING * * *
The gnoll hits you with a +0 whip.
* * * LOW HITPOINT WARNING * * *
The gnoll hits you but does no damage.
The gnoll bouda gazes fiercely through you!
You feel your attacks grow feeble.
You struggle against the net.
The gnoll completely misses you.
The gnoll hits you but does no damage. x3
You rip the net and break free!
The gnoll hits you from afar with a +0 spear.
* * * LOW HITPOINT WARNING * * *
The gnoll hits you with a +0 flail.
* * * LOW HITPOINT WARNING * * *
The gnoll closely misses you. The gnoll hits you with a +0 whip!
You die...
Xom bursts into laughter!

. #.....#......#.#..
...###. #..............
#......##............##
#....................#
#..##.................
......o$.##....#......
#.#.ghg####..##......
##gg## ##..#......
#.g@# #.........
.........# .........
###........ .....
##.......# ##.
##.##..## #. ..# #. ...
.. #...


You could see a black bear, a gnoll bouda, 4 gnolls and an orc.

Vanquished Creatures
  The ghost of pdpol the Chopper, an amateur MiFi (D:3)
  The ghost of zlionsfan the Chopper, an amateur OpGl of Gozag (D:4)
  Eustachio (D:4)
  A phantom (D:4)
  A jelly (D:4)
  Crazy Yiuf (D:3)
  Jessica (D:2)
  An iguana (D:5)
  Natasha (thrice) (D:4)
  A gnoll (D:3)
  7 adders
  A dart slug (D:4)
  An orc (D:3)
  6 ball pythons
  4 bats
  10 endoplasms
  3 giant cockroaches
  4 goblins (D:1)
  6 hobgoblins
  3 jackals (D:3)
  6 kobolds
  2 quokkas
  A frilled lizard (D:2)
  5 rats
71 creatures vanquished.

Notes
Turn   | Place    | Note
-------+----------+-------------------------------------------
     0 | D:1      | jtron the Demonspawn Chaos Knight began the quest for the
                  | Orb.
     0 | D:1      | Reached XP level 1. HP: 18/18 MP: 1/1
   131 | D:1      | Discovered your monstrous ancestry.
   131 | D:1      | Gained mutation: You have large cloven feet. [demonic
                  | ancestry]
   131 | D:1      | Reached XP level 2. HP: 24/24 MP: 2/2
   428 | D:1      | Reached skill level 1 in Dodging
  1091 | D:1      | XOM: silly message
  1103 | D:1      | XOM: silly message
  1284 | D:2      | Gained mutation: Your touch may inflict minor irresistible
                  | damage on your foes. [demonic ancestry]
  1284 | D:2      | Reached XP level 3. HP: 29/29 MP: 3/3
  1309 | D:2      | XOM: silly message
  1404 | D:2      | Found a broken altar of Ashenzari.
  1701 | D:2      | Noticed Jessica
  1714 | D:2      | Killed Jessica
  1715 | D:2      | Gained mutation: Your touch may inflict irresistible damage
                  | on your foes. [demonic ancestry]
  1715 | D:2      | Reached XP level 4. HP: 31/35 MP: 4/4
  1938 | D:2      | XOM: god gift: leather armour {god gift}
  2003 | D:3      | Found a runed translucent door.
  2005 | D:3      | Noticed Crazy Yiuf
  2035 | D:3      | Found a runed translucent gate.
  2036 | D:3      | Found a runed translucent gate.
  2048 | D:3      | Found a runed translucent gate.
  2048 | D:3      | Noticed pdpol's ghost (amateur MiFi)
  2509 | D:3      | XOM: divination: detect items
  2568 | D:3      | Found a faded altar of an unknown god.
  2615 | D:3      | Identified the +1 cloak of Soft Rains {rC+ rN+ Will-}
  2799 | D:3      | XOM: cast spell 'Leda's Liquefaction'
  2800 | D:3      | XOM: enchant monster (bad)
  2806 | D:3      | Killed pdpol's ghost
  2807 | D:3      | Reached XP level 5. HP: 38/42 MP: 5/5
  2807 | D:3      | Reached XP level 6. HP: 44/48 MP: 6/6
  2828 | D:3      | Got the Book of Forms
  2865 | D:3      | Killed Crazy Yiuf
  3064 | D:4      | XOM: noise
  3200 | D:4      | Noticed Natasha
  3204 | D:4      | Killed Natasha
  3205 | D:4      | Reached skill level 1 in Staves
  3268 | D:4      | Gained mutation: Your touch may irresistibly damage your
                  | foes and sap their willpower. [demonic ancestry]
  3268 | D:4      | Reached XP level 7. HP: 54/54 MP: 7/7
  3279 | D:4      | Noticed Natasha
  3286 | D:4      | Killed Natasha
  3316 | D:4      | Noticed Eustachio
  3318 | D:4      | XOM: summons 3 hostile demons
  3329 | D:4      | XOM: noise
  3332 | D:4      | Killed Eustachio
  3352 | D:4      | XOM: butterfly on damage
  3585 | D:4      | Found a large runed translucent door.
  3587 | D:4      | Found a large runed translucent door.
  3593 | D:4      | Noticed zlionsfan's ghost (amateur OpGl)
  3626 | D:4      | Found a hide-covered altar of Uskayaw.
  3635 | D:4      | Found a shimmering altar of Xom.
  3796 | D:4      | Killed zlionsfan's ghost
  3816 | D:4      | Noticed Natasha
  3822 | D:4      | Killed Natasha
  3842 | D:5      | Entered Level 5 of the Dungeon
  3844 | D:5      | XOM: potion effect (brilliance)
  3908 | D:5      | Slain by a gnoll

Illustrated notes

Levels and vault maps discovered:
D:1:      onia_arrival_handbag, layout_basic,
          nicolae_concentric_dashed_squares_wild, serial_bayou_lagoon_a
D:2:      layout_loops_ring, basic_altar, uniq_jessica
D:3:      layout_basic, gammafunk_ghost_split,
          hellmonk_ecumenical_altar_heavens_door, uniq_crazy_yiuf_cottage
D:4:      layout_basic, mainiacjoe_overflow_swirl, ebering_ghost_disaster_area,
          uniq_natasha, uniq_eustachio
D:5:      layout_cave_pools, lemuel_doored_altar,
          minmay_temple_entry_mini_moons, serial_gnoll_camp,
          gnoll_camp_mini_shop, gnoll_camp_mini_loothouse,
          gnoll_camp_mini_basic, gnoll_camp_mini_sergeant, gnoll_camp_mini_hut

Skill      XL: |  1  2  3  4  5  6  7 |
---------------+----------------------+-----
Armour         | 2 3 4 |  4.1
Long Blades    | 3 |  3.9
Dodging        | 1 2 |  2.6
Ranged Weapons | 2 3 |  3.8
Fighting       | 4 |  4.4
Staves         | 1 2 |  2.9
Throwing       | |  0.1
Stealth        | |  0.2

Action                     |  1- 3 |  4- 6 |  7- 9 || total
---------------------------+-------+-------+-------++-------
  Melee: Falchion          |    81 |    24 |       ||   105
         Kick              |    19 |    16 |    15 ||    50
         Punch             |     1 |       |       ||     1
         Touch             |     4 |     6 |       ||    10
         Quarterstaff      |       |    19 |    45 ||    64
   Fire: Sling             |       |    40 |       ||    40
  Throw: Dart              |     1 |     1 |       ||     2
  Evoke: Piece from Xom's  |       |       |     1 ||     1
    Use: Scroll            |     5 |     2 |     1 ||     8
         Potion            |       |     2 |     2 ||     4
 Armour: Leather armour    |    16 |       |       ||    16
         Ring mail         |    12 |    26 |    55 ||    93
  Dodge: Dodged            |    37 |    37 |    80 ||   154
